 Dungeon Crawl Stone Soup version 0.31-a0-198-g2ad674f65e (webtiles) character file.

Game seed: 11022678193310218080

37 qw the Shooter (level 3, 0/20 HPs)
             Began as a Deep Elf Hunter on June 25, 2023.
             Succumbed to their own poison gas
             ... on level 2 of the Dungeon.
             The game lasted 00:00:29 (1409 turns).

qw the Shooter (Deep Elf Hunter)                    Turns: 1409, Time: 00:00:29

Health: 0/20       AC:  6    Str: 10    XL:     3   Next: 21%
Magic:  5/5        EV: 14    Int: 13    God:
Gold:   123        SH:  0    Dex: 18    Spells: 2/2 levels left

rFire   . . .        Y - +0 shortbow (chaos)
rCold   . . .        (shield currently unavailable)
rNeg    . . .        f - +0 scale mail
rPois   .            (no helmet)
rElec   .            (no cloak)
rCorr   +            (no gloves)
SInv    .            (no boots)
Will    +....        (no amulet)
Stlth   +            b - ring of resist corrosion
HPRegen 0.23/turn    h - +5 ring of evasion
MPRegen 0.09/turn

%: no passive effects
@: lethally poisoned (0 -> -2), enlightened, flying
A: no striking features
a: no special abilities


You were on level 2 of the Dungeon.
You visited 1 branch of the dungeon, and saw 2 of its levels.

You collected 123 gold pieces.


   Skills:
 - Level 1.5 Fighting
 + Level 6.8 Ranged Weapons
 - Level 2.4 Dodging
 - Level 1.2 Stealth


You had 2 spell levels left.
You didn't know any spells.
Your spell library was empty.

Inventory:

Hand Weapons
 Y - a +0 shortbow of chaos (weapon)
Armour
 f - a +0 scale mail (worn)
Jewellery
 b - a ring of resist corrosion (left hand)
 h - a +5 ring of evasion (right hand)
Potions
 a - a potion of enlightenment
 e - a potion of curing {unknown}
 g - a potion of heal wounds {unknown}
 i - a potion of brilliance {unknown}
 j - a potion of invisibility {unknown}

Dungeon Overview and Level Annotations

Branches:
Dungeon (2/15)

Altars:
Fedhas


Message History

1401 ||| DRINKING 2 bubbling purple potions.
It was a potion of enlightenment.
You feel very buoyant.
You fly up into the air.
Done exploring.
1402 ||| DROPPING scroll of poison.
You drop a scroll of poison.
Done exploring.
(D) Dungeon
Where to? (* - list waypoints, Enter - D:2, ? - help)
What level of the Dungeon? (default 1, ? - help) Sorry, I don't know how to get there.
Enter note:
Enter note:
Enter note:
Enter note:
Enter note:
Enter note:
Enter note:
Enter note:
Enter note:
Enter note:
Enter note:
Enter note: Really fly into that cloud of poison gas?
You are engulfed in poison gas.
You are poisoned.
You feel very sick.
1404 ||| Stepping ~*~*~tactically~*~*~ (cloud).
You feel very sick.
Things that are here:
a scroll of poison; a +0 leather armour
There is a lethal amount of poison in your body!
You feel sick.
There is a lethal amount of poison in your body!
You feel sick.
There is a lethal amount of poison in your body!
You feel sick.
There is a lethal amount of poison in your body!
You feel sick.
There is a lethal amount of poison in your body!
You die...

##...## #.# #.#
##'## #¤# #.# #.#
##0# #.# ###.####
#00# #.# #
.......# #¤## #.#
# ##...#.# #¤# #.#
# #.....%# #0# #.#
#
##...#.#########¤#
#.####
##.......000¤¤0¤@#
#.....
...#.#.###########
###### .......# #
######## # # #


There were no monsters in sight!

Vanquished Creatures
  2 ball pythons
  3 bats (D:2)
  4 endoplasms
  2 giant cockroaches
  5 goblins
  A hobgoblin (D:1)
  2 jackals (D:1)
  A quokka (D:2)
  3 frilled lizards (D:2)
  4 kobolds
  5 rats
32 creatures vanquished.

Notes
Turn   | Place    | Note
-------+----------+-------------------------------------------
     0 | D:1      | qw the Deep Elf Hunter began the quest for the Orb.
     0 | D:1      | Reached XP level 1. HP: 12/12 MP: 3/3
     0 | D:1      | 0 ||| qw: Version: 0.3-a-22-g0ed2b0b
     0 | D:1      | 0 ||| qw: Game counter: 4918
     0 | D:1      | 0 ||| qw: Melee chars always use a shield: true
     0 | D:1      | 0 ||| qw: God list: Okawaru
     0 | D:1      | 0 ||| qw: Allow faded altars: false
     0 | D:1      | 0 ||| qw: Do Orc after clearing Dungeon:15 true
     0 | D:1      | 0 ||| qw: Do second Lair branch before Depths: true
     0 | D:1      | 0 ||| qw: Lair rune preference: random
     0 | D:1      | 0 ||| qw: Goals: Normal
     0 | D:1      | 0 ||| PLANNING D:1-11
   158 | D:1      | Reached skill level 6 in Ranged Weapons
   158 | D:1      | Reached XP level 2. HP: 14/16 MP: 4/4
   539 | D:1      | 539 ||| READING scroll labelled PYT ACHIFOHANA.
   540 | D:1      | 540 ||| READING scroll labelled SIDILO LUEMAYN.
   541 | D:1      | 541 ||| READING scroll labelled FYUQUA LIODAOT.
   542 | D:1      | 542 ||| READING scroll labelled ASA FIOMIGA.
   543 | D:1      | 543 ||| READING scroll labelled DIMITS ISKOLEG.
   544 | D:1      | 544 ||| DROPPING scroll of butterflies.
   689 | D:2      | Found a blossoming altar of Fedhas.
   954 | D:2      | Reached XP level 3. HP: 20/20 MP: 5/5
  1387 | D:2      | 1387 ||| UPGRADING to +0 scale mail.
  1397 | D:2      | 1397 ||| DROPPING +0 leather armour.
  1398 | D:2      | 1398 ||| UPGRADING to ring of resist corrosion.
  1399 | D:2      | 1399 ||| UPGRADING to +5 ring of evasion.
  1400 | D:2      | 1400 ||| READING 2 scrolls labelled YNNOELL OT SAY.
  1401 | D:2      | 1401 ||| DRINKING 2 bubbling purple potions.
  1402 | D:2      | 1402 ||| DROPPING scroll of poison.
  1404 | D:2      | 1404 ||| Stepping ~*~*~tactically~*~*~ (cloud).
  1405 | D:2      | HP: 4/20 [poisoned by you (poison gas)]
  1408 | D:2      | HP: 1/20 [poisoned by you (poison gas)]
  1409 | D:2      | Succumbed to their own poison gas

Levels and vault maps discovered:
D:1:      saegor_arrival_simple_d, layout_basic, solitary_fountain
D:2:      layout_loops_corners, basic_altar

Skill      XL: |  1 |
---------------+----+-----
Ranged Weapons | 6 |  6.8
Fighting       | |  1.5
Dodging        | |  2.4
Stealth        | |  1.2

Action                     || total
---------------------------++-------
   Fire: Shortbow          ||    82
    Use: Scroll            ||     6
         Potion            ||     1
 Armour: Leather armour    ||     7
  Dodge: Dodged            ||    10

Table legend:
 A = Non-vault XP
 B = Vault XP
 C = Vault XP percentage of total XP
 D = Non-vault monster count
 E = Vault monster count
 F = Vault count percentage of total count
                 A         B        C        D         E       F
            +---------+---------+-------+---------+---------+-------
      Total |      53 |       0 |   0.0 |      32 |       0 |   0.0
            +---------+---------+-------+---------+---------+-------
        D:1 |      18 |       0 |   0.0 |      10 |       0 |   0.0
        D:2 |      35 |       0 |   0.0 |      22 |       0 |   0.0
            +---------+---------+-------+---------+---------+-------
